[Event "Anderssen Memorial Open-A 2020"]
[Site "Wroclaw"]
[Date "2020.08.01"]
[Round "1.6"]
[White "Golecki, Jan"]
[Black "Kopylov, Daniel"]
[Result "0-1"]
[ECO "D85"]
[WhiteElo "2106"]
[BlackElo "2348"]
[Annotator "ChessBase"]
[PlyCount "131"]
[EventDate "2020.08.01"]
[EventType "swiss"]
[EventCountry "POL"]
[SourceTitle "playchess.com"]
[Source "ChessBase"]
[SourceQuality "1"]
[TimeControl "40/5400+15:1800+30"]

1. d4 Nf6 2. c4 g6 3. Nc3 d5 4. cxd5 Nxd5 5. e4 Nxc3 6. bxc3 Bg7 7. Nf3 c5 8. Be3 Qa5 9. Qd2 O-O 10. Bc4 Nc6 11. Rb1 cxd4 12. cxd4 Qxd2+ 13. Kxd2 Rd8 14. Bd5 e6 15. Bxc6 bxc6 16. Rhc1 e5 17. Rxc6 exd4 18. Bg5 Re8 19. Kd3 h6 20. Bf6 Bxf6 21. Rxf6 Be6 22. Nxd4 Kg7 23. Rf3 Red8 24. Rb7 Bxa2 25. Ke3 a5 26. Nc6 Rdc8 27. Rb2 Be6 28. Nd4 Rc3+ 29. Kf4 Rxf3+ 30. Kxf3 a4 31. Nxe6+ fxe6 32. Ke3 a3 33. Ra2 Kf6 34. f3 Ke5 35. g3 Ra4 36. Kd3 g5 37. h3 Ra8 38. Ke3 Kd6 39. Kd4 h5 40. h4 gxh4 41. gxh4 Ra4+ 42. Kd3 Ke5 43. Ke3 Ra8 44. f4+ Kd6 45. Kd4 Ra4+ 46. Kd3 Kc5 47. Rc2+ Kb5 48. Ra2 Kb4 49. Ra1 a2 50. Kc2 Ka3 51. Re1 Rxe4 52. Rxe4 a1=Q 53. Re3+ Kb4 54. Re4+ Kc5 55. Kd3 Qd1+ 56. Ke3 Qe1+ 57. Kd3 Qxh4 58. Rxe6 Qxf4 59. Re4 Qf1+ 60. Ke3 h4 61. Rf4 Qe1+ 62. Kf3 Qg3+ 63. Ke4 h3 64. Rf3 Qg4+ 65. Ke3 h2 66. Rh3 0-1

[Event "Anderssen Memorial Open-A 2020"]
[Site "Wroclaw"]
[Date "2020.08.01"]
[Round "1.9"]
[White "Wong, Gengchun"]
[Black "Bojczewski, Mateusz"]
[Result "1-0"]
[ECO "B17"]
[WhiteElo "2190"]
[BlackElo "1886"]
[Annotator "RC"]
[PlyCount "53"]
[EventDate "2020.08.01"]
[EventType "swiss"]
[EventCountry "POL"]
[SourceTitle "playchess.com"]
[Source "ChessBase"]
[SourceQuality "1"]
[TimeControl "40/5400+15:1800+30"]

1. e4 c6 2. d4 d5 3. Nc3 dxe4 4. Nxe4 Nd7 5. Ng5 Ngf6 6. Bd3 e6 7. N1f3 Bd6 8. Qe2 h6 9. Ne4 Nxe4 10. Qxe4 Nf6 11. Qe2 O-O 12. Bd2 b6 13. O-O-O Bb7 14. g4 Qc7 15. g5 hxg5 16. Ne5 c5 17. Bxg5 Nd5 18. Rhg1 cxd4 19. f4 f5 20. Bh6 Bxe5 21. fxe5 Rf7 22. Rg6 Kf8 23. Bg5 Qd7 24. Bb5 Bc6 25. Bxc6 Qxc6 26. Rxd4 Rc8 27. Kb1 1-0

[Event "Anderssen Memorial Open-A 2020"]
[Site "Wroclaw"]
[Date "2020.08.01"]
[Round "1.15"]
[White "Trybus, Daniel"]
[Black "Gardian, Adam"]
[Result "1-0"]
[ECO "C06"]
[WhiteElo "1950"]
[BlackElo "1723"]
[Annotator "NA"]
[PlyCount "41"]
[EventDate "2020.08.01"]
[EventType "swiss"]
[EventCountry "POL"]
[SourceTitle "playchess.com"]
[Source "ChessBase"]
[SourceQuality "1"]
[TimeControl "40/5400+15:1800+30"]

1. e4 e6 2. d4 d5 3. Nd2 Nf6 4. e5 Nfd7 5. Bd3 c5 6. c3 Nc6 7. Ne2 cxd4 8. cxd4 f6 9. Nf4 Nxd4 10. Qh5+ Ke7 11. exf6+ Nxf6 {[%emt 0:08:00] [#]} 12. Ng6+ $1 {[%emt 0:00:30] Double Attack, Pin} Ke8 13. Qh4 hxg6 14. Qxh8 (14. Bxg6+ $16 Kd7 15. Qxh8) 14... Kf7 15. O-O e5 16. Nb3 Nxb3 17. axb3 Qb6 $18 (17... Bf5 $11 {and Black stays safe.} 18. Bxf5 gxf5) 18. Bxg6+ Kxg6 19. Qxf8 Qxb3 20. Ra3 Qb6 21. Rg3+ 1-0

[Event "Anderssen Memorial Open-A 2020"]
[Site "Wroclaw"]
[Date "2020.08.02"]
[Round "3.4"]
[White "Nguyen, Alex Dac-Vuong"]
[Black "Chmiel, Marcin"]
[Result "*"]
[ECO "B13"]
[WhiteElo "2366"]
[BlackElo "2267"]
[Annotator "RC"]
[PlyCount "49"]
[EventDate "2020.08.01"]
[EventType "swiss"]
[EventCountry "POL"]
[SourceTitle "playchess.com"]
[Source "ChessBase"]
[SourceQuality "1"]
[TimeControl "40/5400+15:1800+30"]

1. c4 c6 2. e4 d5 3. exd5 cxd5 4. d4 Nf6 5. Nc3 Nc6 6. Bg5 dxc4 7. Bxc4 h6 8. Bh4 e6 9. Nf3 Be7 10. O-O O-O 11. a3 Nd5 12. Bxd5 exd5 13. Bxe7 Qxe7 14. Re1 Qd6 15. Ne5 Be6 16. Nb5 Qd8 17. Nxc6 bxc6 18. Nc3 Qh4 19. Na4 Rae8 20. Qd2 Bf5 21. Nc5 Be4 22. f3 Bf5 23. Re3 Re7 24. Re4 Rxe4 25. Qe3 *

[Event "Anderssen Memorial Open-A 2020"]
[Site "Wroclaw"]
[Date "2020.08.02"]
[Round "3.5"]
[White "Wong, Gengchun"]
[Black "Piekielny, Pawel"]
[Result "1/2-1/2"]
[ECO "C03"]
[WhiteElo "2190"]
[BlackElo "2099"]
[Annotator "RC"]
[PlyCount "120"]
[EventDate "2020.08.01"]
[EventType "swiss"]
[EventCountry "POL"]
[SourceTitle "playchess.com"]
[Source "ChessBase"]
[SourceQuality "1"]
[TimeControl "40/5400+15:1800+30"]

1. e4 e6 2. d4 d5 3. Nd2 Be7 4. Bd3 c5 5. dxc5 Nf6 6. Qe2 Nc6 7. Ngf3 O-O 8. O-O Bxc5 9. c3 Be7 10. Re1 a6 11. e5 Nd7 12. Nb3 Nb6 13. Bf4 Bd7 14. Rad1 Rc8 15. Qc2 g6 16. Qd2 Na7 17. Bh6 Bb5 18. Bxf8 Bxf8 19. Qf4 Bxd3 20. Rxd3 Nc4 21. Ng5 Qe8 22. Rf3 Rc7 23. Nd4 Bg7 24. b3 Na3 25. Rd3 Qc8 26. Qh4 h6 27. Ngxe6 Rxc3 28. Nf4 Rxd3 29. Nxd3 Qc3 30. Re3 Qa1+ 31. Re1 Qc3 32. Re3 Qa1+ 33. Ne1 Nc6 34. Nxc6 bxc6 35. Qd8+ Kh7 36. Kf1 Nc2 37. Re2 Nd4 38. Re3 Nc2 39. Re2 Nd4 40. Rd2 Ne6 41. Qd7 Qxe5 42. Qxf7 Ng5 43. Qd7 Ne4 44. Rc2 Qxh2 45. Qxc6 Qh1+ 46. Ke2 Qg1 47. Qxd5 Qxf2+ 48. Kd3 Qxe1 49. Qxe4 Qd1+ 50. Ke3 Qe1+ 51. Kf3 Qd1+ 52. Re2 Qf1+ 53. Kg3 Qf6 54. Qe6 Qg5+ 55. Qg4 Qd5 56. Re6 Be5+ 57. Kh3 Qd3+ 58. Qf3 Qd7 59. Qg4 Qd3+ 60. Qf3 Qd7 1/2-1/2

[Event "Anderssen Memorial Open-A 2020"]
[Site "Wroclaw"]
[Date "2020.08.02"]
[Round "3.11"]
[White "Szczesniak, Konrad"]
[Black "Peglau, Dora"]
[Result "1-0"]
[ECO "E48"]
[WhiteElo "2033"]
[BlackElo "1704"]
[Annotator "ChessBase"]
[PlyCount "93"]
[EventDate "2020.08.01"]
[EventType "swiss"]
[EventCountry "POL"]
[SourceTitle "playchess.com"]
[Source "ChessBase"]
[SourceQuality "1"]
[TimeControl "40/5400+15:1800+30"]

1. d4 Nf6 2. c4 e6 3. Nc3 Bb4 4. e3 O-O 5. Bd3 d5 6. Nge2 Re8 7. O-O c5 8. Nf4 cxd4 9. exd4 dxc4 10. Bxc4 Nc6 11. Be3 e5 12. dxe5 Nxe5 13. Bb3 Bf5 14. Ncd5 Nxd5 15. Bxd5 Qd7 16. Qb3 a5 17. a3 Bf8 18. Rfd1 Qe7 19. Bd4 Nc6 20. Bc3 Qc7 21. Qc4 Bd6 22. Bxf7+ Qxf7 23. Qxf7+ Kxf7 24. Rxd6 Re4 25. Nh5 Rg4 26. f3 Rg5 27. g4 Rg8 28. Kf2 Rg6 29. Rad1 Rxd6 30. Rxd6 Bc8 31. Rd5 h6 32. Bxa5 Be6 33. Rb5 Nxa5 34. Rxa5 Rc8 35. Rb5 Rc7 36. Nf4 Bd7 37. Rb4 Rc2+ 38. Ke3 Bc6 39. h4 Rc1 40. Nd3 Rh1 41. Ne5+ Ke6 42. Nxc6 bxc6 43. h5 Rd1 44. Rb7 Kf6 45. Rb6 Rc1 46. a4 Ra1 47. Rxc6+ 1-0

[Event "Anderssen Memorial Open-A 2020"]
[Site "Wroclaw"]
[Date "2020.08.02"]
[Round "3.15"]
[White "Peglau, Markus"]
[Black "Bojczewski, Mateusz"]
[Result "0-1"]
[ECO "A05"]
[WhiteElo "1910"]
[BlackElo "1886"]
[Annotator "ChessBase"]
[PlyCount "75"]
[EventDate "2020.08.01"]
[EventType "swiss"]
[EventCountry "POL"]
[SourceTitle "playchess.com"]
[Source "ChessBase"]
[SourceQuality "1"]
[TimeControl "40/5400+15:1800+30"]

1. Nf3 Nf6 2. d4 e6 3. Bf4 c5 4. c3 Nc6 5. e3 d5 6. Bd3 Qb6 7. Qb3 c4 8. Qxb6 axb6 9. Bc2 b5 10. Nbd2 b4 11. O-O Be7 12. e4 O-O 13. Rfe1 dxe4 14. Nxe4 Nd5 15. Bd2 b5 16. Ng3 Bb7 17. Be4 bxc3 18. bxc3 Nf6 19. Bc2 Ra3 20. Reb1 Ba6 21. Ne4 Nd5 22. Bc1 Rxc3 23. Nxc3 Nxc3 24. a4 b4 25. Rb2 Ne2+ 26. Kh1 Nexd4 27. Be4 f5 28. Bxc6 Nxc6 29. Re2 Kf7 30. Rb1 Rd8 31. Bf4 c3 32. Ree1 Bf6 33. Ng5+ Bxg5 34. Bxg5 Rd5 35. Rbd1 Bd3 36. Bc1 b3 37. Ba3 b2 38. Bxb2 0-1

[Event "Anderssen Memorial Open-A 2020"]
[Site "Wroclaw"]
[Date "2020.08.03"]
[Round "4.4"]
[White "Piekielny, Pawel"]
[Black "Nguyen, Alex Dac-Vuong"]
[Result "0-1"]
[ECO "B42"]
[WhiteElo "2099"]
[BlackElo "2366"]
[Annotator "ChessBase"]
[PlyCount "136"]
[EventDate "2020.08.01"]
[EventType "swiss"]
[EventCountry "POL"]
[SourceTitle "playchess.com"]
[Source "ChessBase"]
[SourceQuality "1"]
[TimeControl "40/5400+15:1800+30"]

1. e4 c5 2. Nf3 e6 3. d4 cxd4 4. Nxd4 a6 5. Bd3 Nf6 6. O-O Qc7 7. Qe2 d6 8. f4 Nbd7 9. c4 b6 10. Nc3 Be7 11. Kh1 Bb7 12. Bd2 O-O 13. Rae1 Rad8 14. Nf3 Rfe8 15. e5 Ng4 16. Ng5 Bxg5 17. Qxg4 Nxe5 18. Bxh7+ Kxh7 19. Qh5+ Kg8 20. fxg5 Qxc4 21. Rf4 Qc6 22. Ne4 Qc2 23. Rc1 Qxb2 24. Rh4 Ng6 25. Rc7 Rd7 26. Qh7+ Kf8 27. Nf6 gxf6 28. gxf6 Qxf6 29. Qh6+ Kg8 30. Qh7+ Kf8 31. Qh6+ Qg7 32. Rxd7 Nxh4 33. Rxb7 Nf5 34. Qxg7+ Kxg7 35. Rxb6 Rc8 36. g4 Nh4 37. Rxd6 Rc2 38. Rd3 Rxa2 39. Bc3+ Kg6 40. Rh3 Kg5 41. Bf6+ Kxf6 42. Rxh4 Kg5 43. Rh7 f6 44. Rg7+ Kh4 45. Re7 e5 46. Re6 Kh3 47. Kg1 Rg2+ 48. Kf1 Rxg4 49. Rxa6 Rf4+ 50. Ke2 Kxh2 51. Ra8 Kg3 52. Rg8+ Kh4 53. Ke3 Rg4 54. Rf8 Kg5 55. Kf3 Ra4 56. Ke3 Kf5 57. Rf7 Ra3+ 58. Ke2 e4 59. Rf8 Ke5 60. Rf7 f5 61. Rf8 Kf4 62. Kf2 Ra2+ 63. Kf1 e3 64. Rf7 Ke4 65. Rf8 f4 66. Rf7 Kf3 67. Kg1 Ra1+ 68. Kh2 e2 0-1

[Event "Anderssen Memorial Open-A 2020"]
[Site "Wroclaw"]
[Date "2020.08.04"]
[Round "5.10"]
[White "Borowski, Przemyslaw"]
[Black "Kowalczyk, Wojciech"]
[Result "1-0"]
[ECO "E73"]
[WhiteElo "1790"]
[BlackElo "1873"]
[Annotator "NA RC"]
[PlyCount "105"]
[EventDate "2020.08.01"]
[EventType "swiss"]
[EventCountry "POL"]
[SourceTitle "playchess.com"]
[Source "ChessBase"]
[SourceQuality "1"]
[TimeControl "40/5400+15:1800+30"]

1. d4 Nf6 2. c4 g6 3. Nc3 Bg7 4. e4 d6 5. Be2 O-O 6. h3 e5 {[%emt 0:06:24] E73: King's Indian: Averbakh Variation without 6...c5.} 7. d5 Na6 8. g4 Nc5 9. Qc2 c6 {[%emt 0:03:18] [#]} 10. g5 $146 ({Predecessor:} 10. b4 Na6 11. a3 cxd5 12. cxd5 Nc7 13. g5 Nfe8 14. h4 f5 15. gxf6 Nxf6 16. h5 Nxh5 17. Bxh5 gxh5 18. Rxh5 {0-1 (29) Laczay,I (1968)-Polevoy,N (2109) IECG email 2003}) 10... Ne8 11. b4 Nd7 12. h4 cxd5 13. Nxd5 Nc7 14. Nxc7 Qxc7 15. Be3 a5 16. b5 Rd8 17. O-O-O Nf8 18. b6 Qc6 19. c5 Be6 20. cxd6 Rxd6 ({Black should play} 20... Qe8 $17 21. Kb1 Rac8) 21. Qxc6 Rxc6+ 22. Kb2 ({White should play} 22. Kb1) 22... Rac8 23. Rc1 Rxc1 24. Bxc1 {[%emt 0:00:00] [#]} Bxa2 $1 25. Rh3 Be6 26. Ra3 Nd7 27. Be3 Rc6 28. Rxa5 Nxb6 29. Ra7 Bf8 30. Bb5 (30. Nf3 $1 $15) 30... Nc4+ 31. Kc3 (31. Bxc4 $17 Rxc4 32. f3) 31... Rc8 32. Bxc4 Rxc4+ (32... Bxc4 $19 {and Black stays clearly on top.} 33. Kb2 Ba6) 33. Kd3 b5 34. Nf3 Bd6 35. Ra6 Bc7 36. Nd2 Rc1 37. Nf3 Rc4 38. Nd2 $1 Rc1 ({Black should play} 38... Ra4 $17 39. Rc6 Ra3+ 40. Ke2 Bb8) 39. Nf3 Rd1+ 40. Bd2 Bc4+ 41. Kc2 Rf1 {[%emt 0:23:40] [#]} (41... Be2 $11 {keeps the balance.} 42. Ra8+ Kg7) 42. Bb4 (42. Be3 $142 $1) 42... Rxf2+ 43. Nd2 {[%emt 0:00:07] [#]} h5 (43... h6 $1 $16 {was called for.}) 44. Rc6 {[%emt 0:01:01] Double Attack} Rf4 45. Nxc4 $2 ({Only move:} 45. Rxc7 $18 f5 46. gxf6 Rxf6 47. Be7) 45... bxc4 46. Rxc7 f5 47. gxf6 Rxf6 48. Be7 Rf7 49. Rc8+ Kg7 50. Bg5 Rf2+ 51. Kc3 Re2 52. Rxc4 Re1 $18 53. Rc7+ 1-0

[Event "Anderssen Memorial Open-A 2020"]
[Site "Wroclaw"]
[Date "2020.08.05"]
[Round "6.9"]
[White "Bojczewski, Mateusz"]
[Black "Vanduyfhuys, Daria"]
[Result "1-0"]
[ECO "B33"]
[WhiteElo "1886"]
[BlackElo "1985"]
[Annotator "ChessBase"]
[PlyCount "77"]
[EventDate "2020.08.01"]
[EventType "swiss"]
[EventCountry "POL"]
[SourceTitle "playchess.com"]
[Source "ChessBase"]
[SourceQuality "1"]
[TimeControl "40/5400+15:1800+30"]

1. e4 c5 2. Nf3 Nc6 3. d4 cxd4 4. Nxd4 Nf6 5. Nc3 e5 6. Ndb5 d6 7. Bg5 a6 8. Na3 b5 9. Bxf6 gxf6 10. Nd5 f5 11. g3 fxe4 12. Bg2 Bf5 13. O-O Bg7 14. Re1 O-O 15. c3 Bg6 16. Bxe4 Bxe4 17. Rxe4 f5 18. Re1 Rb8 19. Nc2 Qd7 20. f4 Qa7+ 21. Kh1 Qb7 22. Kg1 Kh8 23. a3 a5 24. Nce3 b4 25. Qh5 bxc3 26. bxc3 exf4 27. Nxf4 Ne5 28. Ned5 Rfc8 29. Qxf5 Nf3+ 30. Kg2 Nxe1+ 31. Rxe1 Re8 32. Ne6 Qb2+ 33. Kh3 Qd2 34. Ng5 Qxg5 35. Rxe8+ Rxe8 36. Qxg5 Be5 37. Nf6 Rf8 38. Nd7 Rg8 39. Nxe5 1-0

[Event "Anderssen Memorial Open-A 2020"]
[Site "Wroclaw"]
[Date "2020.08.07"]
[Round "8.1"]
[White "Barski, Radoslaw"]
[Black "Kopylov, Michael"]
[Result "1-0"]
[ECO "C07"]
[WhiteElo "2444"]
[BlackElo "2407"]
[Annotator "ChessBase"]
[PlyCount "85"]
[EventDate "2020.08.01"]
[EventType "swiss"]
[EventCountry "POL"]
[SourceTitle "playchess.com"]
[Source "ChessBase"]
[SourceQuality "1"]
[TimeControl "40/5400+15:1800+30"]

1. e4 e6 2. d4 d5 3. Nd2 c5 4. Ngf3 cxd4 5. Nxd4 Nc6 6. Bb5 Bd7 7. Nxc6 bxc6 8. Bd3 Bd6 9. O-O Nf6 10. Re1 Qc7 11. h3 O-O 12. c4 Rae8 13. c5 Bh2+ 14. Kh1 Bf4 15. Nf3 Bxc1 16. Rxc1 e5 17. b4 dxe4 18. Bxe4 Nxe4 19. Rxe4 f6 20. Re2 Be6 21. Rd2 Rd8 22. a4 Bd5 23. b5 Qa5 24. bxc6 Bxc6 25. Rd6 Kh8 26. Nh4 Qc7 27. Nf5 Rxd6 28. cxd6 Qd7 29. Qd3 Rc8 30. Kh2 e4 31. Qd4 Qxf5 32. Rxc6 Rd8 33. Qxa7 h6 34. Qd4 Rd7 35. g3 Kg8 36. a5 Qxa5 37. Qxe4 Kf7 38. Qc4+ Kf8 39. Ra6 Qd8 40. Qd5 Qe8 41. Ra8 Rd8 42. d7 Qe7 43. Qa5 1-0

[Event "Anderssen Memorial Open-A 2020"]
[Site "Wroclaw"]
[Date "2020.08.07"]
[Round "8.2"]
[White "Kopylov, Daniel"]
[Black "Sieciechowicz, Marcin"]
[Result "1/2-1/2"]
[ECO "C01"]
[WhiteElo "2348"]
[BlackElo "2372"]
[Annotator "ChessBase"]
[PlyCount "96"]
[EventDate "2020.08.01"]
[EventType "swiss"]
[EventCountry "POL"]
[SourceTitle "playchess.com"]
[Source "ChessBase"]
[SourceQuality "1"]
[TimeControl "40/5400+15:1800+30"]

1. e4 e6 2. d4 d5 3. exd5 exd5 4. Nf3 Nf6 5. Bd3 Bd6 6. Qe2+ Qe7 7. Qxe7+ Kxe7 8. O-O Re8 9. Re1+ Kf8 10. Rxe8+ Kxe8 11. Nc3 c6 12. Bd2 Nbd7 13. Re1+ Kf8 14. h3 h6 15. Ne5 a6 16. g4 c5 17. Bf4 Be7 18. Nxd7+ Bxd7 19. Be5 c4 20. Bf1 Bc6 21. Bg2 Rd8 22. Ne2 Ne8 23. Ng3 f6 24. Bf4 Bd6 25. Bxd6+ Nxd6 26. Nh5 Kf7 27. c3 Re8 28. Rxe8 Nxe8 29. Ng3 Nd6 30. Nf1 g5 31. Ne3 Ke6 32. h4 Ne8 33. Kh2 Ng7 34. Kg3 Kd6 35. f4 b5 36. Bf3 a5 37. Bd1 Bd7 38. a3 Bc8 39. Bc2 Bd7 40. Bg6 Be6 41. Nc2 Bd7 42. Ne1 Ne6 43. fxg5 fxg5 44. Nf3 Ke7 45. Bf5 Kf6 46. Ne5 Be8 47. Bxe6 Kxe6 48. h5 a4 1/2-1/2

[Event "Anderssen Memorial Open-A 2020"]
[Site "Wroclaw"]
[Date "2020.08.07"]
[Round "8.3"]
[White "Cukrowski, Filip"]
[Black "Mondrzycki, Bartlomiej"]
[Result "1-0"]
[ECO "B66"]
[WhiteElo "2419"]
[BlackElo "2140"]
[Annotator "ChessBase"]
[PlyCount "93"]
[EventDate "2020.08.01"]
[EventType "swiss"]
[EventCountry "POL"]
[SourceTitle "playchess.com"]
[Source "ChessBase"]
[SourceQuality "1"]
[TimeControl "40/5400+15:1800+30"]

1. e4 c5 2. Nf3 d6 3. d4 cxd4 4. Nxd4 Nf6 5. Nc3 Nc6 6. Bg5 e6 7. Qd2 a6 8. Be2 Bd7 9. f4 Be7 10. O-O-O O-O 11. Nf3 Qa5 12. Kb1 Rfd8 13. Bd3 Rac8 14. Rhe1 Nb4 15. a3 Nxd3 16. cxd3 Kf8 17. d4 d5 18. e5 Ng8 19. Rc1 h6 20. Bxe7+ Nxe7 21. Qd3 Kg8 22. g4 b5 23. Na2 Qb6 24. Rxc8 Rxc8 25. Rc1 Rxc1+ 26. Kxc1 b4 27. Nxb4 Bb5 28. Qe3 a5 29. Nd3 Nc6 30. Nc5 Bf1 31. Nd2 Bg2 32. f5 Ne7 33. fxe6 fxe6 34. Qe2 Bh1 35. Qf1 Be4 36. Ndxe4 dxe4 37. Qe2 Qc6 38. Kd2 Qb6 39. Kc2 Nc6 40. Qxe4 Qb5 41. Qd3 Qb8 42. Qc4 Kh8 43. Nxe6 Qc8 44. Kb1 Qd7 45. h3 a4 46. Nc5 Qd8 47. e6 1-0

[Event "Anderssen Memorial Open-A 2020"]
[Site "Wroclaw"]
[Date "2020.08.07"]
[Round "8.4"]
[White "Jankowiak, Tomasz"]
[Black "Zwahr, Paul"]
[Result "1-0"]
[ECO "B51"]
[WhiteElo "2115"]
[BlackElo "2277"]
[Annotator "ChessBase"]
[PlyCount "79"]
[EventDate "2020.08.01"]
[EventType "swiss"]
[EventCountry "POL"]
[SourceTitle "playchess.com"]
[Source "ChessBase"]
[SourceQuality "1"]
[TimeControl "40/5400+15:1800+30"]

1. e4 c5 2. Nf3 d6 3. Bb5+ Nc6 4. O-O Bd7 5. Re1 Nf6 6. c3 a6 7. Bc4 Bg4 8. d4 Bxf3 9. gxf3 e6 10. Be3 cxd4 11. cxd4 d5 12. Bd3 Be7 13. Nc3 O-O 14. Rc1 g6 15. Bb1 Rc8 16. Na4 Nd7 17. exd5 exd5 18. Qb3 Bb4 19. Red1 b5 20. Qxd5 Ne7 21. Qb3 Rxc1 22. Rxc1 Bd6 23. Nc5 Nb6 24. Bh6 Ned5 25. Ne4 Qh4 26. Bxf8 Qxh2+ 27. Kf1 Bxf8 28. Ke2 Bh6 29. Re1 Nc4 30. a4 Qb8 31. axb5 axb5 32. Bd3 Nf4+ 33. Kf1 Qc8 34. Kg1 Nh3+ 35. Kh1 Nf4 36. Nf6+ Kg7 37. Ng4 Qc6 38. Bxc4 bxc4 39. d5 Qc5 40. Qc3+ 1-0

[Event "Anderssen Memorial Open-A 2020"]
[Site "Wroclaw"]
[Date "2020.08.07"]
[Round "8.5"]
[White "Chmiel, Marcin"]
[Black "Piekielny, Pawel"]
[Result "0-1"]
[ECO "A15"]
[WhiteElo "2267"]
[BlackElo "2099"]
[Annotator "ChessBase"]
[PlyCount "66"]
[EventDate "2020.08.01"]
[EventType "swiss"]
[EventCountry "POL"]
[SourceTitle "playchess.com"]
[Source "ChessBase"]
[SourceQuality "1"]
[TimeControl "40/5400+15:1800+30"]

1. c4 Nf6 2. g3 c5 3. Bg2 d5 4. cxd5 Nxd5 5. Nc3 Nxc3 6. bxc3 e5 7. Nf3 Nc6 8. O-O Be7 9. Rb1 O-O 10. d3 Rb8 11. Nd2 Be6 12. a4 Bd5 13. Bxd5 Qxd5 14. Qb3 Qd7 15. Nc4 Kh8 16. f4 Qg4 17. Rf3 f6 18. Ne3 Qc8 19. Nd5 Bd6 20. Qc4 Re8 21. e4 f5 22. Be3 fxe4 23. dxe4 exf4 24. gxf4 Qe6 25. e5 Bxe5 26. fxe5 Nxe5 27. Qxc5 Nxf3+ 28. Kf2 Qf5 29. Rb4 Ne5+ 30. Rf4 Nd3+ 31. Kg3 Qg6+ 32. Rg4 Nxc5 33. Rxg6 Rxe3+ 0-1

[Event "Anderssen Memorial Open-A 2020"]
[Site "Wroclaw"]
[Date "2020.08.07"]
[Round "8.6"]
[White "Kanicki, Krzysztof"]
[Black "Burian, Simon"]
[Result "1/2-1/2"]
[ECO "B90"]
[WhiteElo "2163"]
[BlackElo "2073"]
[Annotator "ChessBase"]
[PlyCount "75"]
[EventDate "2020.08.01"]
[EventType "swiss"]
[EventCountry "POL"]
[SourceTitle "playchess.com"]
[Source "ChessBase"]
[SourceQuality "1"]
[TimeControl "40/5400+15:1800+30"]

1. e4 c5 2. Nf3 d6 3. d4 cxd4 4. Nxd4 Nf6 5. Nc3 a6 6. Be3 e5 7. Nb3 Be7 8. f3 Be6 9. Qd2 O-O 10. O-O-O a5 11. a4 Nc6 12. g4 Nb4 13. Kb1 Rc8 14. g5 Nd7 15. f4 exf4 16. Bxf4 Ne5 17. Nd4 Bg4 18. Rc1 Nf3 19. Nxf3 Bxf3 20. Rg1 d5 21. exd5 Nxd5 22. Nxd5 Bxd5 23. Bg2 Bxg2 24. Rxg2 Rc4 25. Qxd8 Rxd8 26. Bd2 Bb4 27. Bxb4 Rxb4 28. b3 b5 29. axb5 Rxb5 30. Kb2 g6 31. Ra1 h6 32. gxh6 Kh7 33. c4 Re5 34. Rc2 Rc8 35. Kc3 Rd8 36. Kb2 Rc8 37. Kc3 Rd8 38. Kb2 1/2-1/2

[Event "Anderssen Memorial Open-A 2020"]
[Site "Wroclaw"]
[Date "2020.08.07"]
[Round "8.7"]
[White "Krzywda, Andrzej"]
[Black "Borowski, Przemyslaw"]
[Result "1-0"]
[ECO "A04"]
[WhiteElo "2156"]
[BlackElo "1790"]
[Annotator "ChessBase"]
[PlyCount "49"]
[EventDate "2020.08.01"]
[EventType "swiss"]
[EventCountry "POL"]
[SourceTitle "playchess.com"]
[Source "ChessBase"]
[SourceQuality "1"]
[TimeControl "40/5400+15:1800+30"]

1. Nf3 c5 2. g3 Nf6 3. Bg2 g6 4. O-O Bg7 5. d4 cxd4 6. Nxd4 Nc6 7. c4 O-O 8. Nc3 Nxd4 9. Qxd4 d6 10. Qh4 Re8 11. Rd1 Qb6 12. Be3 Qxb2 13. Nb5 Rb8 14. Nc7 Bf5 15. Nxe8 Rxe8 16. Bf3 e5 17. Rac1 Qxa2 18. Rxd6 e4 19. Bg2 Ng4 20. Rd8 Qa4 21. Qe7 Nf6 22. Rxe8+ Nxe8 23. Qxb7 a5 24. Bxe4 Bxe4 25. Qxe4 1-0

[Event "Anderssen Memorial Open-A 2020"]
[Site "Wroclaw"]
[Date "2020.08.07"]
[Round "8.8"]
[White "Kowalczyk, Wojciech"]
[Black "Nguyen, Alex Dac-Vuong"]
[Result "0-1"]
[ECO "B24"]
[WhiteElo "1873"]
[BlackElo "2366"]
[Annotator "ChessBase"]
[PlyCount "122"]
[EventDate "2020.08.01"]
[EventType "swiss"]
[EventCountry "POL"]
[SourceTitle "playchess.com"]
[Source "ChessBase"]
[SourceQuality "1"]
[TimeControl "40/5400+15:1800+30"]

1. e4 c5 2. Nc3 Nc6 3. Bb5 Nd4 4. Bc4 a6 5. a4 e6 6. Nf3 Nf6 7. O-O d5 8. exd5 exd5 9. Ba2 Bg4 10. Qe1+ Be7 11. Nxd4 cxd4 12. Ne2 d3 13. cxd3 O-O 14. h3 Bf5 15. d4 Qd7 16. Qd1 Bd6 17. Ng3 Bd3 18. Re1 Bxg3 19. fxg3 Rfe8 20. Re3 Bg6 21. Bb1 Bxb1 22. Rxb1 Rxe3 23. dxe3 Ne4 24. Bd2 Nxg3 25. Rc1 Rc8 26. Rxc8+ Qxc8 27. Qe1 Ne4 28. Bc3 f6 29. a5 Qc4 30. Qf1 Qxf1+ 31. Kxf1 Kf7 32. Ke2 Ke6 33. Be1 Kd7 34. Kf3 Ke6 35. Bb4 Kf5 36. Be1 Ng5+ 37. Ke2 Ke6 38. Bb4 g6 39. Bf8 h5 40. Bh6 Ne4 41. Bf8 Kd7 42. Kf3 Kc6 43. Kf4 Kb5 44. b4 Kc4 45. Be7 Kd3 46. g4 hxg4 47. hxg4 Ke2 48. Bd8 Kd2 49. Be7 Kd3 50. Bd8 Ke2 51. Be7 g5+ 52. Kf5 Kxe3 53. Bxf6 Nxf6 54. Kxf6 Kf4 55. Ke6 Kxg4 56. Kxd5 Kf5 57. Kc5 g4 58. d5 g3 59. b5 g2 60. bxa6 g1=Q+ 61. Kb5 Qf1+ 0-1

[Event "Anderssen Memorial Open-A 2020"]
[Site "Wroclaw"]
[Date "2020.08.07"]
[Round "8.9"]
[White "Skurniak, Szymon"]
[Black "Wong, Gengchun"]
[Result "1/2-1/2"]
[ECO "B91"]
[WhiteElo "2036"]
[BlackElo "2190"]
[Annotator "ChessBase"]
[PlyCount "58"]
[EventDate "2020.08.01"]
[EventType "swiss"]
[EventCountry "POL"]
[SourceTitle "playchess.com"]
[Source "ChessBase"]
[SourceQuality "1"]
[TimeControl "40/5400+15:1800+30"]

1. e4 c5 2. Nf3 d6 3. d4 cxd4 4. Nxd4 Nf6 5. Nc3 a6 6. g3 e5 7. Nde2 Be7 8. Bg2 O-O 9. O-O b5 10. Nd5 Nxd5 11. Qxd5 Ra7 12. Be3 Rb7 13. Rfd1 Qc7 14. Qd2 Be6 15. Nc3 Rc8 16. Nd5 Qxc2 17. Nxe7+ Rxe7 18. Rac1 Qxd2 19. Rxc8+ Bxc8 20. Rxd2 Be6 21. Rxd6 Rd7 22. Rb6 Rd1+ 23. Bf1 Nd7 24. Rc6 Bc4 25. Rc8+ Nf8 26. Bc5 h5 27. Rxf8+ Kh7 28. Kg2 Bxf1+ 29. Kf3 Bc4 1/2-1/2

[Event "Anderssen Memorial Open-A 2020"]
[Site "Wroclaw"]
[Date "2020.08.07"]
[Round "8.10"]
[White "Golecki, Jan"]
[Black "Trybus, Daniel"]
[Result "1-0"]
[ECO "B85"]
[WhiteElo "2106"]
[BlackElo "1950"]
[Annotator "ChessBase"]
[PlyCount "85"]
[EventDate "2020.08.01"]
[EventType "swiss"]
[EventCountry "POL"]
[SourceTitle "playchess.com"]
[Source "ChessBase"]
[SourceQuality "1"]
[TimeControl "40/5400+15:1800+30"]

1. e4 c5 2. Nf3 d6 3. d4 cxd4 4. Nxd4 Nf6 5. Nc3 a6 6. Be2 e6 7. Be3 Be7 8. O-O O-O 9. f4 Qc7 10. Qe1 Nc6 11. Qg3 Nxd4 12. Bxd4 b5 13. a3 Bb7 14. Rae1 Rad8 15. Kh1 Rd7 16. Bd3 Re8 17. e5 dxe5 18. Bxe5 Qd8 19. f5 Bd6 20. Qh3 Bxe5 21. Rxe5 Rde7 22. Ne4 Bxe4 23. Bxe4 Qd4 24. Qg3 Nh5 25. Qc3 Qxc3 26. bxc3 exf5 27. Rxe7 Rxe7 28. Bxf5 g6 29. Bc8 Ra7 30. g4 Ng7 31. c4 Kf8 32. Rf6 Ke7 33. Rc6 Ne6 34. Rxa6 Rxa6 35. Bxa6 bxc4 36. Bxc4 Nd4 37. Bd3 Kd6 38. Kg2 Ke5 39. c3 Ne6 40. Kf3 f5 41. gxf5 gxf5 42. a4 Nc5 43. a5 1-0